MLB
COLORADO ROCKIES @ CHICAGO CUBS
08/31/2098
 
TOP OF THE 1ST
Colorado Rockies batting - Pitching for Chicago Cubs : RHP Ron Payne
Pitching: RHP Ron Payne
Batting: LHB Glenn Sewell 0-0: Called Strike
0-1: Ground out 3-1 (Groundball, 13, EV 92.5 MPH)
Batting: RHB Mike Woodard 0-0: Ball
1-0: Ball
2-0: SINGLE (Line Drive, 4D, EV 67.5 MPH)
Batting: LHB Matt Beck 0-0: Called Strike
0-1: Ball
1-1: Ball
Wild Pitch!
Mike Woodard to second
2-1: Ground out 6-3 (Groundball, 6, EV 85.0 MPH)
Batting: LHB Jim Davis 0-0: Called Strike
0-1: Ball
1-1: Ball
2-1: Ball
3-1: Foul Ball, location: 25F
3-2: Base on Balls
Batting: LHB Jeremy Papish 0-0: Called Strike
0-1: Ball
1-1: Called Strike
1-2: Strikes out swinging
Top of the 1st over - 0 runs, 1 hit, 0 errors, 2 left on base; Colorado 0 - Chicago 0
BOTTOM OF THE 1ST
Chicago Cubs batting - Pitching for Colorado Rockies : RHP Xavier Clayton
Pitching: RHP Xavier Clayton
Batting: RHB Armando Valenzuela 0-0: Ball
1-0: TRIPLE (Line Drive, 9LD, EV 109.4 MPH)
Batting: LHB Nick Criswell 0-0: Called Strike
0-1: Swinging Strike
0-2: Foul Ball, location: 2F
0-2: Strikes out swinging
Batting: LHB Elijah Fairchild 0-0: Ball
1-0: Foul Ball, location: 7LSF
1-1: Foul Ball, location: 25F
1-2: Ball
2-2: Foul Ball, location: 23F
2-2: Ball
Wild Pitch!
Armando Valenzuela scores
3-2: Base on Balls
Batting: RHB Kevin Luzzo 0-0: Ball
1-0: Called Strike
1-1: Swinging Strike
1-2: Strikes out swinging
Batting: LHB Esteban Castro 0-0: Ball
1-0: Ball
Wild Pitch!
Elijah Fairchild to second
2-0: Foul Ball, location: 2F
2-1: Fly out, F5 (Line Drive, 5, EV 70.0 MPH)
Bottom of the 1st over - 1 run, 1 hit, 0 errors, 1 left on base; Colorado 0 - Chicago 1
TOP OF THE 2ND
Colorado Rockies batting - Pitching for Chicago Cubs : RHP Ron Payne
Batting: RHB Hugo Sanchez 0-0: Ground out U3 (Groundball, 23, EV 90.0 MPH)
Batting: LHB Jesus Pena 0-0: Ball
1-0: Ball
2-0: Ball
3-0: Base on Balls
Batting: RHB Brenden Oxton 0-0: Ball
Jesus Pena steals 2nd base
1-0: Swinging Strike
1-1: Ball
2-1: Foul Ball, location: 2F
2-2: Ball
3-2: Strikes out swinging
Batting: RHB John Stevens 0-0: Called Strike
0-1: Ball
1-1: Ball
2-1: Called Strike
2-2: Reached on error, E6 (Groundball, 6M, EV 105.0 MPH)
Batting: LHB Glenn Sewell 0-0: Ball
1-0: Ball
2-0: Called Strike
2-1: Foul Ball, location: 2F
2-2: Foul Ball, location: 2F
2-2: Foul Ball, location: 23F
2-2: Ball
3-2: Foul Ball, location: 2F
3-2: Strikes out looking
Top of the 2nd over - 0 runs, 0 hits, 1 error, 2 left on base; Colorado 0 - Chicago 1
BOTTOM OF THE 2ND
Chicago Cubs batting - Pitching for Colorado Rockies : RHP Xavier Clayton
Batting: RHB Jaylin Tillman 0-0: Ball
1-0: Fly out, F9 (Flyball, 9LM, EV 96.9 MPH)
Batting: RHB Dave Conley 0-0: Foul Ball, location: 2F
0-1: Foul Ball, location: 9LDF
0-2: Ground out 1-3 (Groundball, 15S, EV 68.8 MPH)
Batting: RHB Nick Love 0-0: Ball
1-0: Ground out 1-3 (Groundball, 13S, EV 71.9 MPH)
Bottom of the 2nd over - 0 runs, 0 hits, 0 errors, 0 left on base; Colorado 0 - Chicago 1
TOP OF THE 3RD
Colorado Rockies batting - Pitching for Chicago Cubs : RHP Ron Payne
Batting: RHB Mike Woodard 0-0: Swinging Strike
0-1: Ball
1-1: Fly out, F8 (Line Drive, 8LM, EV 90.6 MPH)
Batting: LHB Matt Beck 0-0: Ball
1-0: Foul Ball, location: 2F
1-1: Foul Ball, location: 2F
1-2: SINGLE (Line Drive, 7LS, EV 92.5 MPH)
Batting: LHB Jim Davis 0-0: Fly out, F9 (Line Drive, 9, EV 101.3 MPH)
Batting: LHB Jeremy Papish 0-0: Swinging Strike
0-1: Ball
1-1: Called Strike
1-2: Strikes out swinging
Top of the 3rd over - 0 runs, 1 hit, 0 errors, 1 left on base; Colorado 0 - Chicago 1
BOTTOM OF THE 3RD
Chicago Cubs batting - Pitching for Colorado Rockies : RHP Xavier Clayton
Batting: LHB Brent Griffin 0-0: Ball
1-0: Foul Ball, location: 7LDF
1-1: Ball
2-1: Called Strike
2-2: Strikes out swinging
Batting: RHB Armando Valenzuela 0-0: Fly out, F3 (Line Drive, 3, EV 67.5 MPH)
Batting: LHB Nick Criswell 0-0: Ball
1-0: Ball
2-0: SINGLE (Groundball, 34D, EV 95.6 MPH)
Batting: LHB Elijah Fairchild 0-0: Called Strike
0-1: Ball
1-1: Called Strike
1-2: Foul Ball, location: 3FF
1-2: Ball
2-2: Ground out 1-3 (Groundball, 15S, EV 66.3 MPH)
Bottom of the 3rd over - 0 runs, 1 hit, 0 errors, 1 left on base; Colorado 0 - Chicago 1
TOP OF THE 4TH
Colorado Rockies batting - Pitching for Chicago Cubs : RHP Ron Payne
Batting: RHB Hugo Sanchez 0-0: Foul Ball, location: 3DF
0-1: Swinging Strike
0-2: Strikes out swinging
Batting: LHB Jesus Pena 0-0: Called Strike
0-1: DOUBLE (Line Drive, 7LM, EV 108.1 MPH)
Batting: RHB Brenden Oxton 0-0: Called Strike
0-1: Ball
1-1: Called Strike
1-2: Foul Ball, location: 2F
1-2: Strikes out looking
Batting: RHB John Stevens 0-0: Ground out 6-3 (Groundball, 6M, EV 85.0 MPH)
Top of the 4th over - 0 runs, 1 hit, 0 errors, 1 left on base; Colorado 0 - Chicago 1
BOTTOM OF THE 4TH
Chicago Cubs batting - Pitching for Colorado Rockies : RHP Xavier Clayton
Batting: RHB Kevin Luzzo 0-0: Ball
1-0: Ball
2-0: Ball
3-0: Base on Balls
Batting: LHB Esteban Castro 0-0: Called Strike
0-1: Ball
1-1: Fly out, F6 (Popup, 56, EV 67.5 MPH)
Batting: RHB Jaylin Tillman 0-0: Ball
1-0: Ball
2-0: Ball
3-0: Base on Balls
Kevin Luzzo to second
Batting: RHB Dave Conley 0-0: Called Strike
0-1: SINGLE (Groundball, 6MD, EV 96.3 MPH)
Kevin Luzzo to third
Jaylin Tillman to second
Runner from 3rd tries for Home, SAFE, throw by CF to home
Batting: RHB Nick Love 0-0: Called Strike
0-1: Grounds into double play, 4-6-3 (Groundball, 4, EV 83.1 MPH)
Bottom of the 4th over - 1 run, 1 hit, 0 errors, 1 left on base; Colorado 0 - Chicago 2
TOP OF THE 5TH
Colorado Rockies batting - Pitching for Chicago Cubs : RHP Ron Payne
Batting: LHB Glenn Sewell 0-0: Ball
1-0: Fly out, F8 (Flyball, 8RM, EV 83.8 MPH)
Batting: RHB Mike Woodard 0-0: Swinging Strike
0-1: Ground out 5-3 (Groundball, 5, EV 88.1 MPH)
Batting: LHB Matt Beck 0-0: Foul Ball, location: 2F
0-1: Foul Ball, location: 3F
0-2: Ball
1-2: Ball
2-2: Foul Ball, location: 23F
2-2: SINGLE (Groundball, 6MD, EV 102.5 MPH)
Batting: LHB Jim Davis 0-0: Ball
1-0: Foul Ball, location: 9LSF
1-1: Foul Ball, location: 5F
1-2: Foul Ball, location: 2LF
1-2: Ball
2-2: Ball
3-2: Foul Ball, location: 5DF
3-2: Ground out 6-3 (Groundball, 6, EV 91.3 MPH)
Top of the 5th over - 0 runs, 1 hit, 0 errors, 1 left on base; Colorado 0 - Chicago 2
BOTTOM OF THE 5TH
Chicago Cubs batting - Pitching for Colorado Rockies : RHP Xavier Clayton
Batting: LHB Brent Griffin 0-0: Ball
1-0: Foul Ball, location: 2LF
1-1: Fly out, F8 (Line Drive, 8RS, EV 91.3 MPH)
Batting: RHB Armando Valenzuela 0-0: Called Strike
0-1: Ball
1-1: Ball
2-1: SINGLE (Groundball, 4MD, EV 96.9 MPH)
Batting: LHB Nick Criswell 0-0: Called Strike
Armando Valenzuela steals 2nd base
0-1: Ground out 4-3 (Groundball, 4D, EV 103.1 MPH)
Armando Valenzuela to third
Batting: LHB Elijah Fairchild 0-0: Called Strike
0-1: Foul Ball, location: 2F
0-2: Ball
1-2: Foul Ball, location: 7LMF
1-2: Ball
2-2: Fly out, F8 (Flyball, 78S, EV 95.6 MPH)
Bottom of the 5th over - 0 runs, 1 hit, 0 errors, 1 left on base; Colorado 0 - Chicago 2
TOP OF THE 6TH
Colorado Rockies batting - Pitching for Chicago Cubs : RHP Ron Payne
Batting: LHB Jeremy Papish 0-0: Called Strike
0-1: Ball
1-1: Ball
2-1: Swinging Strike
2-2: Ball
3-2: Foul Ball, location: 2F
3-2: Fly out, F8 (Line Drive, 8LM, EV 106.9 MPH)
Batting: RHB Hugo Sanchez 0-0: Ball
1-0: Ball
2-0: Foul Ball, location: 9LDF
2-1: Ball
3-1: Ground out 4-3 (Groundball, 4, EV 89.4 MPH)
Batting: LHB Jesus Pena 0-0: Called Strike
0-1: Ball
1-1: Fly out, F8 (Flyball, 8RD, EV 96.9 MPH)
Top of the 6th over - 0 runs, 0 hits, 0 errors, 0 left on base; Colorado 0 - Chicago 2
BOTTOM OF THE 6TH
Chicago Cubs batting - Pitching for Colorado Rockies : RHP Xavier Clayton
Batting: RHB Kevin Luzzo 0-0: Foul Ball, location: 2F
0-1: SOLO HOME RUN (Flyball, 78XD, EV 105.6 MPH), Distance : 413 ft
Batting: LHB Esteban Castro 0-0: Foul Ball, location: 7LSF
0-1: Swinging Strike
0-2: Strikes out looking
Batting: RHB Jaylin Tillman 0-0: Ball
1-0: DOUBLE (Flyball, 8RXD, EV 112.5 MPH)
Batting: RHB Dave Conley 0-0: Swinging Strike
0-1: Called Strike
0-2: Ball
1-2: Strikes out swinging
Batting: RHB Nick Love 0-0: Ball
1-0: Fly out, F9 (Line Drive, 9S, EV 97.5 MPH)
Bottom of the 6th over - 1 run, 2 hits, 0 errors, 1 left on base; Colorado 0 - Chicago 3
TOP OF THE 7TH
Colorado Rockies batting - Pitching for Chicago Cubs : RHP Ron Payne
Batting: RHB Brenden Oxton 0-0: Ball
1-0: Ball
2-0: Called Strike
2-1: Reached on error, E6 (Groundball, 6, EV 103.8 MPH)
Pinch Hitting: LHB Carlos Parez 0-0: Called Strike
0-1: Foul Ball, location: 2F
0-2: Ball
1-2: Ball
2-2: Strikes out swinging
Pitching: RHP Ryan Ahlstrom
Batting: LHB Glenn Sewell 0-0: Called Strike
0-1: Swinging Strike
0-2: Strikes out swinging
Batting: RHB Mike Woodard 0-0: Swinging Strike
0-1: Foul Ball, location: 5F
0-2: Strikes out swinging
Top of the 7th over - 0 runs, 0 hits, 1 error, 1 left on base; Colorado 0 - Chicago 3
BOTTOM OF THE 7TH
Chicago Cubs batting - Pitching for Colorado Rockies : RHP Xavier Clayton
Now at SS: Justin Williams
Batting: LHB Brent Griffin 0-0: Ball
1-0: Called Strike
1-1: SINGLE (Line Drive, 89S, EV 107.5 MPH)
Batting: RHB Armando Valenzuela 0-0: Ball
1-0: Called Strike
1-1: Called Strike
1-2: Ball
2-2: SINGLE (Groundball, P, EV 84.4 MPH) (infield hit)
Brent Griffin to second
Pitching: RHP Kevin Kulik
Batting: LHB Nick Criswell 0-0: Ball
1-0: Swinging Strike
1-1: Foul Ball, location: 2F
1-2: Ball
2-2: Grounds into double play, 4-6-3 (Groundball, 4, EV 88.1 MPH)
Brent Griffin to third
Batting: LHB Elijah Fairchild 0-0: Ball
1-0: Called Strike
1-1: Called Strike
1-2: Strikes out swinging
Bottom of the 7th over - 0 runs, 2 hits, 0 errors, 1 left on base; Colorado 0 - Chicago 3
TOP OF THE 8TH
Colorado Rockies batting - Pitching for Chicago Cubs : RHP Ryan Ahlstrom
Batting: LHB Matt Beck 0-0: Called Strike
0-1: Ball
1-1: Ball
2-1: Ball
3-1: Base on Balls
Pitching: LHP Tim Linden
Pinch Hitting: RHB Tony Thomas 0-0: Ball
1-0: Called Strike
1-1: Called Strike
1-2: Strikes out swinging
Batting: LHB Jeremy Papish 0-0: Foul Ball, location: 7LMF
0-1: Foul Ball, location: 23FF
0-2: Foul Ball, location: 2F
0-2: Strikes out swinging
Pinch Hitting: SHB Brian Hatcher 0-0: Called Strike
0-1: DOUBLE (Line Drive, 89D, EV 108.1 MPH)
Matt Beck to third
Runner from 3rd tries for Home, SAFE, throw by RF to home
Pinch Hitting: RHB Ricky Aguilera 0-0: Swinging Strike
0-1: Ball
1-1: 2-RUN HOME RUN (Flyball, 7D, EV 97.5 MPH), Distance : 375 ft
Batting: RHB Brenden Oxton 0-0: Called Strike
0-1: Ball
1-1: Swinging Strike
1-2: Ball
2-2: Strikes out swinging
Top of the 8th over - 3 runs, 2 hits, 0 errors, 0 left on base; Colorado 3 - Chicago 3
BOTTOM OF THE 8TH
Chicago Cubs batting - Pitching for Colorado Rockies : RHP Kevin Kulik
Now at 1B: Kosuke Sakai
Now at 2B: Tony Breitling
Now in CF: Ken Calhoun
Batting: RHB Kevin Luzzo 0-0: Called Strike
0-1: Ball
1-1: Called Strike
1-2: Strikes out looking
Batting: LHB Esteban Castro 0-0: Ball
1-0: Foul Ball, location: 7LMF
1-1: Ball
2-1: Called Strike
2-2: DOUBLE (Flyball, 8LXD, EV 108.8 MPH)
Pinch Hitting: LHB Israel Perez 0-0: Intentional Walk
Pinch Hitting: LHB Stuart Thomas 0-0: Called Strike
0-1: Ball
1-1: Ground out U3 (Groundball, 34, EV 85.6 MPH)
Esteban Castro to third
Israel Perez to second
Batting: RHB Nick Love 0-0: Called Strike
0-1: Ground out 6-3 (Groundball, 6M, EV 104.4 MPH)
Bottom of the 8th over - 0 runs, 1 hit, 0 errors, 2 left on base; Colorado 3 - Chicago 3
TOP OF THE 9TH
Colorado Rockies batting - Pitching for Chicago Cubs : LHP Tim Linden
Pitching: LHP Mario Gomez
Now at 2B: Kyle Dellinger
Now at 3B: Jacob Duke
Batting: SHB Justin Williams 0-0: Ball
1-0: Foul Ball, location: 3F
1-1: Called Strike
1-2: Fly out, F7 (Flyball, 78S, EV 90.0 MPH)
Pinch Hitting: RHB Francisco Salto 0-0: Called Strike
0-1: Ball
1-1: Foul Ball, location: 23F
1-2: Strikes out swinging
Batting: RHB Mike Woodard 0-0: Swinging Strike
0-1: Ball
1-1: Called Strike
1-2: Foul Ball, location: 2F
1-2: Ball
2-2: Ball
SINGLE, rundown, safe at 1st
Batting: LHB Matt Beck 0-0: Ball
1-0: Ball
2-0: Swinging Strike
2-1: Reached on error, E6 (Groundball, 6M, EV 98.8 MPH)
Mike Woodard to second
Batting: RHB Kosuke Sakai 0-0: Ball
1-0: Foul Ball, location: 2F
1-1: Foul Ball, location: 9LMF
1-2: Ball
2-2: Foul Ball, location: 3SF
2-2: Foul Ball, location: 25FF
2-2: Fly out, F7 (Flyball, 78S, EV 73.8 MPH)
Top of the 9th over - 0 runs, 1 hit, 1 error, 2 left on base; Colorado 3 - Chicago 3
BOTTOM OF THE 9TH
Chicago Cubs batting - Pitching for Colorado Rockies : RHP Kevin Kulik
Now in LF: Francisco Salto
Batting: LHB Brent Griffin 0-0: Foul Ball, location: 9LSF
0-1: Fly out, F7 (Line Drive, 7LS, EV 103.1 MPH)
Batting: RHB Armando Valenzuela 0-0: Foul Ball, location: 9LSF
0-1: Foul Ball, location: 9LMF
0-2: Ball
1-2: Ground out 4-3 (Groundball, 34, EV 110.6 MPH)
Batting: LHB Nick Criswell 0-0: Called Strike
0-1: Swinging Strike
0-2: Foul Ball, location: 3SF
0-2: Strikes out swinging
Bottom of the 9th over - 0 runs, 0 hits, 0 errors, 0 left on base; Colorado 3 - Chicago 3
TOP OF THE 10TH
Colorado Rockies batting - Pitching for Chicago Cubs : LHP Mario Gomez
Pitching: LHP Jamie DeCiantis
Batting: LHB Jeremy Papish 0-0: Ball
1-0: Called Strike
1-1: Foul Ball, location: 25F
1-2: Strikes out swinging
Batting: RHB Tony Breitling 0-0: Foul Ball, location: 9LSF
0-1: Swinging Strike
0-2: Ground out 3-1 (Groundball, 34S, EV 88.8 MPH)
Batting: LHB Ken Calhoun 0-0: Foul Ball, location: 2F
0-1: Ball
1-1: Ball
2-1: Foul Ball, location: 2F
2-2: Ball
3-2: Foul Ball, location: 2F
3-2: Foul Ball, location: 7LDF
3-2: Ground out 6-3 (Groundball, 6, EV 85.0 MPH)
Top of the 10th over - 0 runs, 0 hits, 0 errors, 0 left on base; Colorado 3 - Chicago 3
BOTTOM OF THE 10TH
Chicago Cubs batting - Pitching for Colorado Rockies : RHP Kevin Kulik
Pitching: RHP Gustavo Becerra
Batting: LHB Elijah Fairchild 0-0: Ball
1-0: Ball
2-0: Called Strike
2-1: Ball
3-1: Foul Ball, location: 25F
3-2: SOLO HOME RUN (Flyball, 78XD, EV 100.0 MPH), Distance : 401 ft
Bottom of the 10th over - 1 run, 1 hit, 0 errors, 0 left on base; Colorado 3 - Chicago 4
Sunday, April 14th , 2024 - OOTP Baseball 24.11 Build 85